 Dungeon Crawl Stone Soup version 0.29.0-5-ge4962eb29e (webtiles) character file.

Game seed: 17187268881244014649

170599 Flugkiller the Executioner (level 17, -18/155 (158) HPs)
             Began as a Minotaur Fighter on Aug 28, 2022.
             Was the Champion of Okawaru.
             Killed from afar by a merfolk aquamancer (24 damage)
             ... with a ball of steam
             ... on level 3 of the Shoals.
             The game lasted 00:16:18 (30137 turns).

Flugkiller the Executioner (Minotaur Fighter)      Turns: 30137, Time: 00:16:19

HP:   -18/155 (158) AC: 37    Str: 19    XL:     17   Next: 12%
MP:   23/24         EV: 17    Int:  5    God:    Okawaru [******]
Gold: 1606          SH:  0    Dex: 21    Spells: 16/16 levels left

rFire   . . .      SeeInvis +   y - +5 executioner's axe of Blood {vorpal, rPois Stlth+}
rCold   + . .      Faith    +   (shield currently unavailable)
rNeg    . . .      Spirit   .   V - +1 plate armour of Lightning Storm {Regen+}
rPois   +          Reflect  .   b - +0 hat "Kaamn" {Dex+4}
rElec   +          Harm     .   K - +2 cloak of Kazo {SInv}
rCorr   +          Rampage  ∞   Y - +2 pair of gloves "Boogh" {Rampage rC- Stlth+}
Will    +....                   N - +3 pair of seven-league boots {Rampage+∞}
Stlth   +.........              R - amulet of Atuafat {Faith rElec rC++ rCorr Str-3}
HPRegen 1.15/turn               o - ring of poison resistance
MPRegen 0.19/turn               p - +4 ring of protection

@: heroic, lightly drained
A: horns 2, retaliatory headbutt
}: 1/15 runes: gossamer
a: Renounce Religion, Heroism, Finesse, Duel


You were on level 3 of the Shoals.
You worshipped Okawaru.
Okawaru was exalted by your worship.
You visited 6 branches of the dungeon, and saw 30 of its levels.
You also visited: Sewer and Ossuary.

You collected 2260 gold pieces.
You spent 654 gold pieces at shops.

Inventory:

Hand Weapons
 a - a +1 war axe of flaming
 y - the +5 executioner's axe of Blood (weapon) {vorpal, rPois Stlth+}
   (Okawaru gifted it to you on level 1 of the Lair of Beasts)

   It inflicts extra damage upon your enemies.
   rPois:     It protects you from poison.
   Stlth:     It makes you more stealthy.
 C - a +0 executioner's axe of flaming
   (You found it on level 5 of the Dungeon)
Missiles
 E - 15 boomerangs (quivered)
Armour
 b - the +0 hat "Kaamn" (worn) {Dex+4}
   (Okawaru gifted it to you on level 2 of the Lair of Beasts)

   Dex:       It affects your dexterity (+4).
 m - a scarf of resistance
   (You found it on level 4 of the Spider Nest)
 u - the +1 pair of gloves of Laural {rElec Int+2}
   (Okawaru gifted it to you on level 2 of the Orcish Mines)

   Int:       It affects your intelligence (+2).
   rElec:     It insulates you from electricity.
 K - the +2 cloak of Kazo (worn) {SInv}
   (You acquired it on level 1 of the Lair of Beasts)

   SInv:      It lets you see invisible.
 N - the +3 pair of seven-league boots (worn) {Rampage+∞}
   (Okawaru gifted it to you on level 4 of the Lair of Beasts)

   Its wearer moves as far as possible in that direction when moving towards
   enemies.
 V - the +1 plate armour of Lightning Storm (worn) {Regen+}
   (You bought it in a shop on level 3 of the Dungeon)

   Regen:     It increases your rate of health regeneration.
 W - the +1 chain mail of Dudapt {rElec rN+ Int+3}
   (You bought it in a shop on level 2 of the Orcish Mines)

   Int:       It affects your intelligence (+3).
   rElec:     It insulates you from electricity.
   rN:        It protects you from negative energy.
 Y - the +2 pair of gloves "Boogh" (worn) {Rampage rC- Stlth+}
   (Okawaru gifted it to you on level 14 of the Dungeon)

   rC:        It makes you vulnerable to cold.
   Rampage:   It bestows one free step when moving towards enemies.
   Stlth:     It makes you more stealthy.
Jewellery
 c - a ring of protection from cold
   (You found it on level 14 of the Dungeon)
 f - a ring of protection from fire
   (You found it on level 3 of the Dungeon)
 i - a ring of see invisible
   (You found it on level 5 of the Lair of Beasts)
 o - a ring of poison resistance (left hand)
   (You found it on level 7 of the Dungeon)
 p - a +4 ring of protection (right hand)
   (You found it on level 4 of the Dungeon)
 O - an amulet of reflection
   (You found it on level 3 of the Lair of Beasts)
 P - a ring of protection from fire
   (You found it on level 5 of the Lair of Beasts)
 R - the amulet of Atuafat (around neck) {Faith rElec rC++ rCorr Str-3}
   (You found it on level 5 of the Lair of Beasts)

   [amulet of faith]

   It allows you to gain divine favour quickly.
   Str:       It affects your strength (-3).
   rC:        It greatly protects you from cold.
   rElec:     It insulates you from electricity.
   rCorr:     It protects you from acid and corrosion.
Wands
 g - a wand of digging (11)
   (You found it on level 3 of the Lair of Beasts)
 B - a wand of quicksilver (11)
   (You found it on level 4 of the Lair of Beasts)
 I - a wand of paralysis (22)
   (You found it on level 2 of the Lair of Beasts)
 M - a wand of roots (4)
   (You found it on level 10 of the Dungeon)
 T - a wand of mindburst (13)
   (You found it on level 5 of the Lair of Beasts)
Scrolls
 l - 4 scrolls of magic mapping
 r - 2 scrolls of identify
 s - 3 scrolls of enchant weapon
 t - 3 scrolls of teleportation
 v - 8 scrolls of vulnerability
 z - a scroll of blinking
 A - 4 scrolls of fear
 H - 3 scrolls of immolation
 Q - 2 scrolls of enchant armour
Potions
 d - 7 potions of might
 e - a potion of magic
 h - 5 potions of haste
 j - 2 potions of lignification
 k - 7 potions of mutation
 n - 4 potions of resistance
 q - 3 potions of curing
 x - 10 potions of flight
 J - 4 potions of invisibility
 L - 5 potions of brilliance
 S - 7 potions of ambrosia
 U - 2 potions of attraction
Miscellaneous
 F - a condenser vane (inert)
   (You found it on level 5 of the Lair of Beasts)


   Skills:
 + Level 16.2(21.2) Fighting
 * Level 21.7(26.7) Axes
 + Level 16.1(21.1) Armour
 + Level 13.7(18.7) Dodging
 - Level 3.6(8.6) Shields
 - Level 11.0 Invocations
 - Level 6.0 Evocations


You had 16 spell levels left.
You didn't know any spells.
Your spell library was empty.

Dungeon Overview and Level Annotations

Branches:
Dungeon (15/15)            Temple (1/1) D:7            Lair (5/5) D:8
 Shoals (3/4) Lair:3       Spider (4/4) Lair:3        Slime (0/5) Lair:5
    Orc (2/2) D:12            Elf (0/3) Orc:2        Vaults (0/5) D:14
 Depths (0/4) D:15          Sewer (visited)         Ossuary (visited)

Altars:
Ashenzari
Cheibriados
Dithmenos
Elyvilon
Fedhas
Gozag
Hepliaklqana
Kikubaaqudgha
Makhleb
Nemelex Xobeh
Okawaru
Qazlal
Ru
Sif Muna
Trog
Uskayaw
Vehumet
Wu Jian
Xom
Yredelemnul
Zin
The Shining One
Jiyva

Shops:
D:2 (   D:3 *   Orc:1 =   Orc:2 [[:((

Portals:
Ice
Cave: Shoals:3

Annotations:
D:10 1 runed translucent door, diceflayer's ghost, journeyman DsFi
Lair:1 1 exclusion
Orc:1 2 transporters, Paschim's ghost, journeyman MiBe


Innate Abilities, Weirdness & Mutations

You have a pair of horns on your head.
You reflexively headbutt those who attack you in melee.


Message History

You slash the water elemental!
The alligator snapping turtle bites you but does no damage.
The water elemental closely misses you. You furiously retaliate!
You headbutt the water elemental! You slice the water elemental!!
You destroy the water elemental!
Okawaru accepts your kill.
You hit the alligator snapping turtle.
The alligator snapping turtle bites you!!
You slash the alligator snapping turtle!
You headbutt the alligator snapping turtle, but do no damage.
The alligator snapping turtle is moderately wounded.
You slice the merfolk aquamancer!!
The merfolk aquamancer points at you and mumbles some strange words.
The torrent of water hits you!!
You are knocked back by the torrent of water.
The wave splashes down.
Splash!
You fall into the shallow water.
Moving in this stuff is going to be slow.
You hear a shout! x2; You hear an angry hiss.
You hear a shout!
You hear an angry hiss.
You hear a screech!
You hear a shout! x3
You hear a screech!
You hear a shout!
You hear an angry hiss. x2
You hear a screech! x2
You slice the alligator snapping turtle!!
You headbutt the alligator snapping turtle, but do no damage.
The alligator snapping turtle is heavily wounded.
The alligator snapping turtle bites you but does no damage.
Your unstable footing causes you to fumble your attack.
The merfolk aquamancer barely misses you.
You furiously retaliate!
You headbutt the merfolk aquamancer. The water elemental hits you.
Your unstable footing causes you to fumble your attack.
The alligator snapping turtle bites you!!
A sea snake comes into view.
The merfolk aquamancer hits you but does no damage.
You feel drained. The water elemental closely misses you.
You are too injured to fight recklessly!
You are too injured to fight recklessly!
You gain the combat prowess of a mighty hero.
The water elemental closely misses you.
The alligator snapping turtle bites you but does no damage.
The water elemental hits you.
* * * LOW HITPOINT WARNING * * *
The water elemental engulfs you in water!
The merfolk aquamancer completely misses you.
You furiously retaliate!
You headbutt the merfolk aquamancer.
Your unstable footing causes you to fumble your attack.
* * * LOW HITPOINT WARNING * * *
Your lungs strain for air!
The water elemental hits you.
* * * LOW HITPOINT WARNING * * *
Your unstable footing causes you to fumble your attack.
* * * LOW HITPOINT WARNING * * *
Your lungs strain for air!
A sea snake comes into view.
The merfolk aquamancer misses you. The water elemental closely misses you.
You furiously retaliate!
You headbutt the water elemental!
The alligator snapping turtle bites you.
* * * LOW HITPOINT WARNING * * *
The water elemental hits you.
Your unstable footing causes you to fumble your attack.
* * * LOW HITPOINT WARNING * * *
Your lungs strain for air!
The sea snake hisses angrily.
The sea snake closely misses you. The water elemental hits you.
* * * LOW HITPOINT WARNING * * *
The merfolk aquamancer misses you. You furiously retaliate!
You headbutt the merfolk aquamancer!
The water elemental completely misses you.
A sea snake comes into view.
Your unstable footing causes you to fumble your attack.
* * * LOW HITPOINT WARNING * * *
Your lungs strain for air!
The sea snake hisses angrily.
The alligator snapping turtle bites you!!
* * * LOW HITPOINT WARNING * * *
The sea snake bites you but does no damage.
You cannot read scrolls while unable to breathe!
Unknown command.
Unknown command.
You slip free of the water engulfing you.
The sea snake attacks as you move away! The sea snake misses you.
Found a frozen archway.
You gasp with relief as air once again reaches your lungs.
The water elemental misses you. You furiously retaliate!
You headbutt the water elemental.
The merfolk aquamancer hits you with a +2 rapier of draining.
* * * LOW HITPOINT WARNING * * *
You feel drained.
* * * LOW HITPOINT WARNING * * *
The alligator snapping turtle completely misses you.
The sea snake misses you.
Unknown command.
Blink to where?
Press: ? - help, Dir - move target
As you read the scroll of blinking, it crumbles to dust.
The merfolk aquamancer gestures at you while chanting.
The ball of steam hits you!!
You die...

≈≈≈≈≈≈≈≈≈~~~~~.
≈≈≈~~~~≈≈~~~....
≈≈≈~~~~~≈~~......
≈~~~~~~~~~~......
~~~~~.~~~~.......
~~~~..~~~.........
~...(.~~..........
#..@.........#
##..§.........
##.E§.....#.∩
#t~~m.......
#S|S~E.....#
#.~~§.S.....
~..............
≈≈≈~~~~~~~~~~...
~≈≈~~~~≈≈≈~~~~(.


You could see an alligator snapping turtle, 2 sea snakes and a water elemental.

Vanquished Creatures
  Arachne (Spider:4)
  Kirke (Lair:5)
  A slime creature (D:12)
  3 emperor scorpions (Spider:4)
  2 ghost moths (Spider:2)
  A broodmother (Spider:4)
  An ironbound preserver (D:14)
  2 entropy weavers (Spider:4)
  2 spark wasps (Spider:4)
  A merfolk impaler (Shoals:2)
  Snorg (D:14)
  The ghost of SockSock the Marksspriggan, a journeyman SpHu of Hepliaklqana (Lair:5)
  3 ogre magi
  A jorogumo (Spider:4)
  6 hydras
  2 boulder beetles
  2 radroaches
  5 centaur warriors
  A merfolk aquamancer (Shoals:2)
  2 catoblepae
  9 two-headed ogres
  2 tengu warriors
  4 death yaks
  A dancing weapon (D:13)
  3 orc high priests (Orc:2)
  2 cherubim (D:13)
  4 sea snakes (Shoals:1)
  A pharaoh ant (Spider:4)
  5 sun moths
  6 steelbarb worms
  8 orb spiders (Spider:4)
  5 orc knights (Orc:2)
  Pikel (D:4)
  A necromancer (D:15)
  A wizard (D:15)
  3 harpies (Shoals:2)
  5 fauns (Shoals:1)
  12 wolf spiders
  6 deep elf pyromancers
  4 orc sorcerers (Orc:2)
  17 ugly things
  9 manticores
  3 moths of wrath (Spider:4)
  5 cyclopes
  14 elephants
  11 black mambas
  A guardian serpent (Lair:5)
  Maurice (Orc:1)
  4 merfolk sirens
  A naga mage (D:15)
  A water nymph (Shoals:1)
  4 torpor snails
  2 unseen horrors
  22 cane toads
  A centaur skeleton (D:15)
  6 komodo dragons
  5 rime drakes
  7 demonic crawlers
  Psyche (D:8)
  A kobold demonologist (D:12)
  8 merfolk
  5 meliai
  6 trolls
  3 polar bears
  14 tarantellas
  A wolf spider simulacrum (D:15)
  2 wind drakes (Shoals:1)
  2 hornets (Lair:5)
  18 blink frogs
  4 dream sheep (Lair:5)
  2 snapping turtles (Shoals:1)
  13 jumping spiders
  A shadow (D:13)
  13 culicivoras
  16 wyverns
  4 water elementals
  2 vampires
  2 wraiths
  Eustachio (D:6)
  78 yaks
  9 basilisks
  23 redbacks
  A steam dragon (D:7)
  5 hogs (Lair:5)
  10 vampire mosquitoes
  Menkaure (D:6)
  2 wargs (Orc:2)
  4 acid dragons
  Edmund (D:6)
  32 water moccasins
  17 orc warriors
  3 sky beasts
  2 black bears
  14 ogres
  47 wolves
  7 centaurs
  A phantom (D:5)
  Blork the orc (D:4)
  9 bullfrogs
  2 necrophages
  A water moccasin zombie (Ossuary)
  2 scorpions
  14 wights
  An electric eel (D:15)
  5 howler monkeys
  A bullfrog zombie (Ossuary)
  5 centaur zombies
  4 jellies
  2 gnoll boudas
  A hound (D:4)
  12 orc priests
  15 orc wizards
  A scorpion zombie (Ossuary)
  3 iguanas
  10 gnolls
  10 adders
  4 river rats (Sewer)
  A white imp (D:5)
  4 adder zombies (Ossuary)
  2 dart slugs (D:2)
  67 orcs
  8 ball pythons
  6 bats
  4 endoplasms
  3 giant cockroaches
  5 goblins
  2 hobgoblins
  4 jackals (D:1)
  5 quokkas
  10 frilled lizards
  A gnoll zombie (Ossuary)
  5 goblin zombies (Ossuary)
  3 hobgoblin zombies (Ossuary)
  7 kobolds
  4 orc zombies (Ossuary)
  10 rats
866 creatures vanquished.

Vanquished Creatures (others)
  A wolf spider (Spider:4)
  38 fungi
  89 plants
128 creatures vanquished.

Grand Total: 994 creatures vanquished

Notes
Turn   | Place    | Note
-------+----------+-------------------------------------------
     0 | D:1      | Flugkiller the Minotaur Fighter began the quest for the
                  | Orb.
     0 | D:1      | Reached XP level 1. HP: 19/19 MP: 0/0
    31 | D:1      | Reached skill level 3 in Axes
    31 | D:1      | Reached XP level 2. HP: 27/27 MP: 1/1
   553 | D:2      | Found Hauqeuj's Weapon Shoppe.
   560 | D:2      | Reached XP level 3. HP: 33/33 MP: 2/2
   892 | D:2      | Found a blossoming altar of Fedhas.
  1403 | D:3      | Found a faded altar of an unknown god.
  1606 | D:3      | Identified the +1 dagger of the Sharing Gods {vamp, Dex+5}
  1903 | D:3      | Reached skill level 4 in Axes
  1903 | D:3      | Reached XP level 4. HP: 20/41 MP: 3/3
  2294 | D:3      | Found Emurevi's General Store.
  2376 | D:4      | Noticed a scorpion
  2387 | D:4      | Killed a scorpion
  2388 | D:4      | Reached XP level 5. HP: 17/47 MP: 4/4
  2600 | D:4      | Reached skill level 5 in Axes
  2732 | D:4      | Noticed Blork the orc
  2739 | D:4      | Killed Blork the orc
  2740 | D:4      | Reached skill level 5 in Fighting
  2740 | D:4      | Reached skill level 5 in Armour
  2987 | D:4      | Reached XP level 6. HP: 33/56 MP: 5/5
  3179 | D:4      | Noticed Pikel
  3193 | D:4      | Killed Pikel
  3194 | D:4      | Reached skill level 7 in Axes
  3194 | D:4      | Reached XP level 7. HP: 15/63 MP: 6/6
  4045 | D:5      | Entered Level 5 of the Dungeon
  4146 | D:4      | Reached skill level 8 in Axes
  4290 | D:5      | Reached XP level 8. HP: 53/71 MP: 7/7
  4324 | D:5      | Found a sand-covered staircase.
  4333 | Ossuary  | Entered an ossuary
  4538 | Ossuary  | Reached skill level 9 in Axes
  4646 | Ossuary  | Noticed a silent spectre
  4742 | D:5      | Found a glowing drain.
  4752 | Sewer    | Entered a sewer
  5361 | D:5      | Found a hazy altar of Hepliaklqana.
  5771 | D:6      | Reached skill level 10 in Axes
  6198 | D:6      | Noticed Eustachio
  6204 | D:6      | Killed Eustachio
  6205 | D:6      | Reached XP level 9. HP: 81/81 MP: 8/8
  6401 | D:6      | Found a shimmering altar of Xom.
  6413 | D:6      | Noticed Edmund
  6419 | D:6      | Killed Edmund
  6597 | D:6      | Noticed Menkaure
  6602 | D:6      | Killed Menkaure
  6771 | D:7      | Reached skill level 11 in Axes
  7323 | D:7      | Found a staircase to the Ecumenical Temple.
  7383 | Temple   | Entered the Ecumenical Temple
  7524 | Temple   | Became a worshipper of Warmaster Okawaru
  8026 | D:8      | Noticed Psyche
  8034 | D:8      | Killed Psyche
  8035 | D:8      | Reached skill level 12 in Axes
  8035 | D:8      | Reached skill level 1 in Invocations
  8332 | D:8      | Reached XP level 10. HP: 70/91 MP: 6/10
  8607 | D:8      | Found a staircase to the Lair.
  8618 | D:8      | Reached * piety under Okawaru
  9403 | D:8      | Reached skill level 13 in Axes
  9659 | D:8      | Reached ** piety under Okawaru
 10160 | D:9      | Reached skill level 10 in Fighting
 10160 | D:9      | Reached skill level 10 in Armour
 10551 | D:9      | Reached *** piety under Okawaru
 10821 | D:9      | Found an ornate altar of the Wu Jian Council.
 11059 | D:10     | Entered Level 10 of the Dungeon
 11245 | D:10     | You fall into a shaft and drop 1 floor!
 11371 | D:11     | Reached XP level 11. HP: 81/96 MP: 10/13
 11547 | D:11     | Reached skill level 14 in Axes
 11647 | D:10     | Reached **** piety under Okawaru
 12249 | D:10     | Found a runed translucent door.
 12255 | D:10     | Noticed diceflayer's ghost (journeyman DsFi)
 12255 | D:10     | Noticed a boulder beetle
 12269 | D:10     | Reached skill level 5 in Invocations
 12462 | D:10     | Found a burning altar of Makhleb.
 12543 | D:10     | Found a radiant altar of Vehumet.
 12680 | D:10     | Found a glowing golden altar of the Shining One.
 13044 | D:11     | Found a white marble altar of Elyvilon.
 13313 | Lair:1   | Entered Level 1 of the Lair of Beasts
 13406 | Lair:1   | Reached skill level 15 in Axes
 13407 | Lair:1   | Reached ***** piety under Okawaru
 13686 | Lair:1   | Received a gift from Okawaru
 14259 | Lair:1   | Reached XP level 12. HP: 60/111 MP: 9/15
 14989 | Lair:1   | Identified the +5 executioner's axe of Blood {vorpal, rPois
                  | Stlth+} (Okawaru gifted it to you on level 1 of the Lair of
                  | Beasts)
 14989 | Lair:1   | Received a gift from Okawaru
 15002 | Lair:1   | Reached skill level 16 in Axes
 15253 | Lair:2   | Reached skill level 1 in Dodging
 15462 | Lair:2   | Identified a scroll of acquirement
 15536 | Lair:1   | Acquired the +2 cloak of Kazo {SInv}
 15855 | Lair:2   | Reached ****** piety under Okawaru
 15864 | Lair:2   | Identified the +0 hat "Kaamn" {Dex+4} (Okawaru gifted it to
                  | you on level 2 of the Lair of Beasts)
 15864 | Lair:2   | Received a gift from Okawaru
 16280 | Lair:2   | Reached skill level 5 in Dodging
 16769 | Lair:3   | Reached XP level 13. HP: 102/119 MP: 14/17
 16770 | Lair:3   | Reached skill level 17 in Axes
 17101 | Lair:3   | Found a staircase to the Shoals.
 18187 | Lair:3   | Found a hole to the Spider Nest.
 18369 | Lair:4   | Received a gift from Okawaru
 18369 | Lair:4   | Found the +3 pair of seven-league boots {Rampage+∞}
 19184 | Lair:4   | Identified the +2 lajatang of the Wilderness {flame, Str+4}
 19960 | Lair:5   | Entered Level 5 of the Lair of Beasts
 19971 | Lair:5   | Reached skill level 18 in Axes
 19971 | Lair:5   | Noticed Kirke
 19988 | Lair:5   | Killed Kirke
 20194 | Lair:5   | Reached XP level 14. HP: 117/129 MP: 19/19
 20255 | Lair:5   | Received a gift from Okawaru
 20261 | Lair:5   | Identified the +8 dagger of Wuef Eff {holy, +Blink SInv
                  | Stlth+}
 20283 | Lair:5   | Found a viscous altar of Jiyva.
 20283 | Lair:5   | Found a staircase to the Slime Pits.
 20685 | Lair:5   | Identified the amulet of Atuafat {Faith rElec rC++ rCorr
                  | Str-3}
 20757 | Lair:5   | Noticed SockSock's ghost (journeyman SpHu)
 20957 | Lair:5   | Found a runed translucent gate.
 20957 | Lair:5   | Found a runed translucent gate.
 20958 | Lair:5   | Found a runed translucent gate.
 21894 | Lair:5   | Reached skill level 10 in Dodging
 21905 | Lair:5   | Killed SockSock's ghost
 22492 | D:12     | Reached skill level 19 in Axes
 22517 | D:12     | Found a staircase to the Orcish Mines.
 22641 | D:12     | Identified the +0 robe "Deikewn" {rF- Int+4} (Okawaru
                  | gifted it to you on level 12 of the Dungeon)
 22641 | D:12     | Received a gift from Okawaru
 22680 | D:12     | Reached skill level 1 in Evocations
 23266 | D:13     | Identified the +0 plate armour of Ru's Esteem {Stlth+}
 23304 | D:13     | Reached XP level 15. HP: 83/139 MP: 21/21
 23485 | D:3      | Bought the +1 plate armour of Lightning Storm {Regen+} for
                  | 455 gold pieces
 24324 | D:14     | Found a gate to the Vaults.
 24340 | D:14     | Identified the +2 pair of gloves "Boogh" {Rampage rC-
                  | Stlth+} (Okawaru gifted it to you on level 14 of the
                  | Dungeon)
 24340 | D:14     | Received a gift from Okawaru
 24510 | D:14     | Found a broken altar of Ashenzari.
 24615 | D:14     | Noticed Snorg
 24627 | D:14     | Killed Snorg
 25086 | D:15     | Entered Level 15 of the Dungeon
 25221 | D:15     | Reached skill level 10 in Invocations
 25455 | D:15     | Received a gift from Okawaru
 25457 | D:15     | Reached skill level 20 in Axes
 25842 | D:15     | Found a staircase to the Depths.
 25855 | D:15     | Reached skill level 15 in Fighting
 26015 | Orc:1    | Entered Level 1 of the Orcish Mines
 26015 | Orc:1    | Found Lexeysirr's Jewellery Emporium.
 26108 | Orc:1    | Found a transporter.
 26113 | Orc:1    | Noticed Paschim's ghost (journeyman MiBe)
 26215 | Orc:1    | Noticed Maurice
 26221 | Orc:1    | Killed Maurice
 26337 | Orc:1    | Reached skill level 15 in Armour
 26377 | Orc:1    | Found a transporter.
 26544 | Orc:2    | Entered Level 2 of the Orcish Mines
 26684 | Orc:2    | Found a staircase to the Elven Halls.
 26890 | Orc:2    | Identified the +1 pair of gloves of Laural {rElec Int+2}
                  | (Okawaru gifted it to you on level 2 of the Orcish Mines)
 26890 | Orc:2    | Received a gift from Okawaru
 26924 | Orc:2    | Found Kaizym's Antique Armour Emporium.
 26924 | Orc:2    | Found Isiol's Antique Weapon Shop.
 26926 | Orc:2    | Found Dotem's Antique Armour Emporium.
 26926 | Orc:2    | Found Beiff's Book Shop.
 26935 | Orc:2    | Bought a smelly chain mail for 199 gold pieces
 26935 | Orc:2    | Identified the +1 chain mail of Dudapt {rElec rN+ Int+3}
                  | (You bought it in a shop on level 2 of the Orcish Mines)
 27072 | Orc:2    | Found Quin's Antique Weapon Shoppe.
 27431 | Spider:1 | Entered Level 1 of the Spider Nest
 27476 | Spider:1 | Reached XP level 16. HP: 122/149 MP: 20/22
 28105 | Spider:4 | Entered Level 4 of the Spider Nest
 28148 | Spider:4 | Noticed Arachne
 28170 | Spider:4 | HP: 5/149 [poisoned by Arachne (poison arrow)]
 28174 | Spider:4 | Killed Arachne
 28642 | Spider:4 | Received a gift from Okawaru
 28673 | Spider:4 | Reached skill level 5 in Evocations
 28990 | Spider:4 | Reached skill level 21 in Axes
 29280 | Spider:4 | Received a gift from Okawaru
 29289 | Spider:4 | Identified the +2 leather armour of Geqeal {Will+}
 29340 | Spider:4 | Got a gossamer rune of Zot
 29551 | Shoals:1 | Entered Level 1 of the Shoals
 29752 | Shoals:1 | Reached XP level 17. HP: 88/158 MP: 19/24
 30101 | Shoals:2 | Received a gift from Okawaru
 30136 | Shoals:3 | Found a frozen archway.
 30136 | Shoals:3 | HP: 6/157 [merfolk aquamancer/+2 rapier of draining (4)]
 30137 | Shoals:3 | Killed from afar by a merfolk aquamancer

Illustrated notes

Levels and vault maps discovered:
D:1:      dpeg_arrival_rooms_b, layout_basic
D:2:      layout_loops_ring, basic_altar, serial_shops,
          nicolae_shop_bloodbath_and_beyond
D:3:      layout_loops_corners, serial_shops, nicolae_shop_crystal,
          hellmonk_ecumenical_altar_lost_god
D:4:      layout_loops_ring, moated_statue, minmay_misc_feat_rugged, uniq_pikel,
          uniq_blork_the_orc
D:5:      layout_rooms, nicolae_hepliaklqana_hippocampus,
          lightli_ossuary_entry_decrepit_ruins, portal_sewer_entry_f,
          kennysheep_generic_room_13
D:6:      layout_layer_cave, overflow_temple_1_default, dk_noncrumbling_3,
          roderic_serpentine_path, uniq_eustachio, uniq_edmund, uniq_menkaure
D:7:      layout_rooms, minmay_temple_entry_glass, serial_aquarium,
          aquarium_bridge_square [aquarium_subvault_bridge,
          aquarium_subvault_window, aquarium_subvault_window,
          aquarium_subvault_bridge], aquarium_bridge_island_small
          [aquarium_subvault_small_water, aquarium_subvault_wall,
          aquarium_subvault_window, aquarium_subvault_bridge,
          aquarium_subvault_bridge], aquarium_window_1, aquarium_window_fake,
          aquarium_view_2b
D:8:      layout_loops_corners, minmay_lair_entry_grove, uniq_psyche
D:9:      layout_basic, pdpol_wu_jian_five_deadly_venoms, minmay_door_square
D:10:     layout_rooms, nicolae_vehumet_altar_sigil, tso_oasis_becter,
          mainiacjoe_overflow_small_starburst, ebering_ghost_inner_flame,
          chequers_garden
D:11:     layout_loops_ring, elyvilon_altar_3
D:12:     layout_roguey, david_orc_5
D:13:     layout_cross, pf_eden
D:14:     layout_roguey, skrybe_vaults_entry_preservation, serial_glass,
          glass_columns_a, glass_columns_c, serial_bayou_pond_a,
          minmay_variable_closet, nicolae_ashenzari_skybound, uniq_snorg
D:15:     grunt_enter_depths_magical_seal, layout_basic, nrook_pool_corridor,
          st_stairs_10, solitary_fountain
Temple:   minmay_temple_bridge_d
Lair:1:   minmay_guarded_unrand_snakebite, layout_regular_city,
          infiniplex_staircase_pool_2, grunt_megastairs_3
Lair:2:   layout_misc_corridors, grunt_forest_large_clearings,
          grunt_megastairs_2
Lair:3:   layout_small_grid, elwin_shoals_entry_stream,
          hellmonk_spider_entry_life_and_decay, infiniplex_staircase_pool
Lair:4:   layout_cave_pods, serial_bayou_crossing
Lair:5:   hangedman_lair_tendril_chambers, layout_small_grid, slime_entry_1,
          gammafunk_ghost_split, uniq_kirke
Shoals:1: layout_shoals
Shoals:2: layout_shoals, serial_shops, nicolae_shop_hallway_stairs,
          kb_tengu_band
Shoals:3: layout_shoals, portal_ice_cave_entry_pillars_1, uniq_ilsuiw,
          uniq_mlioglotl
Spider:1: layout_cave_pods
Spider:2: layout_chambers
Spider:3: cheibrodos_spider_deadly_dance, uniq_donald
Spider:4: grunt_spider_rune_island, uniq_arachne
Orc:1:    layout_caves, basic_altar, serial_shops, shop,
          gammafunk_ghost_berserking_beasts, uniq_maurice
Orc:2:    grunt_orc_tribal_feast, layout_caves, serial_shops, shop, basic_altar

Skill      XL: |  1  2  3  4  5  6  7  8  9 10 11 12 13 14 15 16 |
---------------+-------------------------------------------------+-----
Axes           | 3 4 5 7 8 10 12 13 15 16 18 19 20 21 | 21.7
Fighting       | 4 5 6 7 9 10 11 12 13 14 15 16 | 16.2
Armour         | 4 5 6 7 9 10 11 12 13 14 15 16 | 16.1
Invocations    | 1 4 6 7 8 9 10 11 | 11.0
Dodging        | 5 8 10 12 13 | 13.7
Evocations     | 1 4 6 |  6.0
Shields        | |  3.6

Action                   |  1- 3 |  4- 6 |  7- 9 | 10-12 | 13-15 | 16-18 || total
-------------------------+-------+-------+-------+-------+-------+-------++-------
Melee: War axe           |   100 |    59 |   271 |   411 |       |       ||   841
       Headbutt          |    10 |     8 |    57 |   113 |   166 |   118 ||   472
       Executioner's axe |       |       |       |   138 |   758 |   480 ||  1376
Invok: Heroism           |       |       |       |     9 |    17 |    17 ||    43
       Finesse           |       |       |       |       |     5 |     4 ||     9
Evoke: Condenser vane    |       |       |       |       |     1 |     1 ||     2
  Use: Scroll            |     1 |       |    15 |     6 |     5 |    12 ||    39
       Potion            |       |     1 |     1 |     4 |       |     8 ||    14
Armor: Scale mail        |    53 |    25 |   161 |   242 |       |       ||   481
       Skin              |       |       |     3 |       |       |       ||     3
       Plate armour      |       |       |       |    53 |   562 |   316 ||   931
Dodge: Dodged            |    50 |    30 |   108 |   238 |   490 |   345 ||  1261
Block: Buckler           |    25 |     9 |    68 |    77 |       |       ||   179
       Other             |       |       |       |       |   102 |       ||   102
       Reflection        |       |       |       |       |     5 |       ||     5
